 Dungeon Crawl Stone Soup version 0.21.1-1-g345015f (webtiles) character file.

114 JeffiDaFish the Skirmisher (level 4, -1/40 HPs)
             Began as a Draconian Chaos Knight on Feb 20, 2018.
             Slain by a phantom (5 damage)
             ... on level 2 of the Dungeon.
             The game lasted 00:02:26 (1381 turns).

JeffiDaFish the Skirmisher (Draconian Chaos Knight) Turns: 1381, Time: 00:02:26

Health: -1/40      AC:  5    Str: 15    XL:     4   Next: 67%
Magic:  4/4        EV: 12    Int: 13    God:    Xom [.*....]
Gold:   108        SH:  0    Dex: 10    Spells: 3/3 levels left

rFire    . . .     SeeInvis .   a - +0 falchion (chaos)
rCold    + . .     Gourm    .   (no shield)
rNeg     . . .     Faith    .   (armour unavailable)
rPois    .         Spirit   .   (helmet restricted)
rElec    .         Reflect  .   (no cloak)
rCorr    .         Harm     .   (no gloves)
MR       .....     Clarity  +   (no boots)
Stlth    ++........             d - amulet of rage
HPRegen  0.13/turn              e - ring of protection from cold
MPRegen  0.09/turn              (no ring)

@: no status effects
A: unfitting armour, clarity, wild magic 1, cold-blooded, AC +5
a: Renounce Religion, Evoke Berserk Rage


You were on level 2 of the Dungeon.
You worshipped Xom.
You were a plaything of Xom.
You were not hungry.

You visited 1 branch of the dungeon, and saw 2 of its levels.

You collected 108 gold pieces.

Inventory:

Hand Weapons
 a - a +0 falchion of chaos (weapon)
Jewellery
 d - an amulet of rage (around neck)
 e - a ring of protection from cold (left hand)
 g - a +3 amulet of reflection {unknown}
Scrolls
 c - a scroll of remove curse
Comestibles
 b - 2 rations
 f - 3 chunks of flesh


   Skills:
 * Level 4.1 Fighting
 * Level 3.9 Long Blades
 + Level 3.0 Dodging
 - Level 1.5 Stealth
 + Level 0.0 Evocations


You had 3 spell levels left.
You didn't know any spells.

Dungeon Overview and Level Annotations

Branches:
Dungeon (2/15)

Altars:
Nemelex Xobeh


Innate Abilities, Weirdness & Mutations

Your plain brown scales are hard. (AC +5)
You cannot fit into any form of body armour.
You are cold-blooded and may be slowed by cold attacks.
You possess an exceptional clarity of mind.
Your spells are a little harder to cast, but a little more powerful.


Message History

You hit the phantom.
Space bends around the phantom.
The phantom is moderately damaged.
The phantom barely misses you. x2
You hit the phantom.
You tail-slap the phantom, but do no damage.
The phantom is heavily damaged.
The phantom blinks!
The phantom hits you.
* * * LOW HITPOINT WARNING * * *
You hit the phantom. You tail-slap the phantom.
The phantom is severely damaged.
The phantom barely misses you.
You hit the phantom.
The phantom's magic leaks into the air.
You tail-slap the phantom, but do no damage.
The phantom is severely damaged.
The phantom blinks!
You miss the phantom.
The phantom is severely damaged.
The phantom hits you.
You die...
Xom chuckles heartily!

##.###.....##.# #
#.......#.....# #
#..###.....# #..#
#.#.#.#..#
#..###.#.#.#..#
#..........#..#
#.####.#.###..# #.
#W#.# #..# #.
#@#.# #..# #.
#.#.###..# #.
#.#......#########
#.
#.#####...........
.......)......(...
..##########(#####
..# #.# #..# #.#
#.#


You could see a phantom.

Vanquished Creatures
  An iguana (D:2)
  3 adders (D:2)
  3 oozes
  A worm (D:2)
  3 leopard geckos
  5 bats
  A giant cockroach (D:1)
  4 hobgoblins
  5 jackals
  8 kobolds
  5 frilled lizards
  4 goblins (D:1)
  5 rats
48 creatures vanquished.

Vanquished Creatures (others)
  A goblin (D:2)
1 creature vanquished.

Grand Total: 49 creatures vanquished

Notes
Turn   | Place    | Note
-------+----------+-------------------------------------------
     0 | D:1      | JeffiDaFish the Draconian Chaos Knight began the quest for the Orb.
     0 | D:1      | Reached XP level 1. HP: 19/19 MP: 1/1
   194 | D:1      | Reached XP level 2. HP: 18/27 MP: 2/2
   354 | D:1      | Found a sparkling altar of Nemelex Xobeh.
   489 | D:1      | Reached XP level 3. HP: 30/33 MP: 3/3
   579 | D:1      | XOM: harmless Chrm miscast
   589 | D:1      | XOM: give mutations
   589 | D:1      | Gained mutation: You possess an exceptional clarity of mind. [Xom's grace]
   589 | D:1      | Gained mutation: Your spells are a little harder to cast, but a little more powerful. [Xom's grace]
   757 | D:2      | Reached skill level 4 in Fighting
   762 | D:2      | Reached skill level 1 in Stealth
   762 | D:2      | Reached XP level 4. HP: 19/40 MP: 4/4
   975 | D:2      | XOM: 7-stop teleportation journey
  1349 | D:2      | Noticed a phantom
  1381 | D:2      | Slain by a phantom

Skill      XL: |  1  2  3  4 |
---------------+-------------+-----
Fighting       | 4 |  4.1
Stealth        | 1 |  1.5
Dodging        | 3 |  3.0
Long Blades    | |  3.9

Action                   |  1- 3 |  4- 6 || total
-------------------------+-------+-------++-------
Melee: Falchion          |    66 |    55 ||   121
       Tailslap          |     7 |     8 ||    15
  Use: Scroll            |     2 |     2 ||     4
       Potion            |     1 |       ||     1
 Stab: Paralysed         |     1 |       ||     1
       Sleeping          |     3 |       ||     3
       Invisible         |     4 |       ||     4
  Eat: Chunk             |       |     2 ||     2
Armor: Skin              |    15 |    15 ||    30
Dodge: Dodged            |    44 |    40 ||    84
       Rpst.: Falchion   |    14 |    12 ||    26
